Map: Lost and Found LE

Players

Stropheum - Winner!

  • Race: Zerg Zerg
  • League: Master
  • Spawn Location: 1:00

Julian

  • Race: Zerg Zerg
  • League: Diamond
  • Spawn Location: 7:00

VOD

Have the link to the VOD?

Description

Time

  • Played on: Nov. 11, 2018, 10:49 a.m.
  • Length: 14:45
Show
View Real Time Build Order
Export as new Build Order

Stropheum Zerg - Winner!

Build Orders: Hatch First 

Get SALT Encoding   

  12  0:00  Drone  
  13  0:12  Overlord  
  13  0:16  Drone  
  14  0:31  Drone x2  
  14  0:35  Drone  
  17  0:53  Hatchery  
  17  0:56  Drone  
  17  0:59  Drone  
  18  1:10  Extractor  
  17  1:14  Spawning Pool  
  17  1:18  Drone  
  17  1:22  Drone  
  18  1:28  Drone  
  19  1:39  Overlord  
  19  2:02  Zergling x4  
  19  2:05  Queen x2  
  19  2:06  Zergling x2  
  26  2:10  Metabolic Boost  
  26  2:12  Drone  
  27  2:16  Drone  
  27  2:22  Drone  
  29  2:27  Drone  
  31  2:37  Baneling Nest, Drone  
  30  2:49  Hatchery  
  29  2:53  Overlord  
  29  2:56  Drone  
  30  2:59  Drone  
  30  3:02  Drone  
  32  3:05  Drone  
  32  3:08  Drone  
  34  3:15  Evolution Chamber  
  34  3:18  Drone x2  
  34  3:19  Drone  
  36  3:21  Drone  
  37  3:29  Queen  
  39  3:42  Zerg Missile Weapons Level 1  
  39  3:44  Overlord  
  39  3:46  Drone x4  
  43  3:50  Drone  
  43  3:54  Overlord  
  44  4:01  Drone  
  45  4:03  Drone  
  45  4:04  Roach Warren, Drone x2  
  45  4:06  Drone  
  48  4:11  Drone x2  
  48  4:17  Evolution Chamber, Extractor  
  48  4:19  Zergling x6  
  50  4:37  Drone  
  50  4:38  Drone x8  
  59  4:39  Spine Crawler  
  59  4:44  Extractor  
  59  4:45  Extractor  
  54  4:52  Overlord x2  
  53  5:05  Lair  
  54  5:07  Drone  
  54  5:09  Drone x2  
  54  5:13  Drone x4  
  54  5:14  Drone  
  61  5:24  Overlord x3  
  61  5:30  Baneling x2  
  61  5:33  Zerg Ground Armor Level 1  
  61  5:41  Roach x10  
  83  5:43  Roach  
  83  5:48  Baneling x2  
  83  5:55  Roach x6  
  95  6:10  Roach x5  
  105  6:14  Zerg Missile Weapons Level 2  
  98  6:21  Roach x3  
  98  6:23  Drone x4  
  104  6:33  Extractor  
  104  6:34  Extractor, Roach x2  
  104  6:36  Overlord x4  
  106  6:48  Overlord  
  106  6:49  Overlord  
  106  6:54  Ravager x4  
  110  7:02  Roach x4  
  118  7:10  Overlord x4  
  118  7:13  Roach x4  
  118  7:15  Roach  
  128  7:23  Roach x3  
  134  7:31  Glial Reconstitution  
  132  7:50  Overlord x3  
  132  7:56  Roach x4  
  132  7:57  Roach x6  
  152  8:04  Drone x2  
  154  8:11  Burrow  
  154  8:26  Drone x6  
  160  8:29  Ravager  
  160  8:30  Ravager x7  
  168  8:37  Infestation Pit  
  167  8:48  Zerg Ground Armor Level 2  
  167  8:50  Tunneling Claws  
  167  8:54  Hatchery  
  167  8:55  Overlord x5  
  158  9:08  Roach  
  158  9:09  Roach x6  
  106  9:20  Roach  
  106  9:21  Roach x5  
  110  9:25  Hive  
  110  9:28  Roach x7  
  110  9:29  Roach x4  
  110  9:53  Roach x10  
  110  9:54  Roach x4  
  138  10:04  Roach x5  
  138  10:05  Roach  
  150  10:16  Drone x7  
  150  10:20  Roach  
  150  10:21  Roach x8  
  157  10:22  Roach x8  
  157  10:23  Roach x3  
  157  10:26  Ravager x3  
  164  10:38  Roach  
  164  10:39  Roach x8  
  182  10:49  Roach x10  
  180  11:00  Roach  
  180  11:01  Roach x12  
  196  11:19  Roach x6  
  196  11:22  Roach x3  
  194  11:27  Zerg Ground Armor Level 3, Zerg Missile Weapons Level 3  
  194  11:31  Roach x6  
  200  11:44  Roach x6  
  200  12:03  Roach x3  
  200  12:11  Extractor  
  200  12:12  Extractor  
  198  12:19  Hatchery  
  185  12:31  Overseer x3  
  185  12:34  Overseer x3  
  185  12:38  Ravager  
  185  12:39  Ravager x12  
  192  12:48  Roach x7  
  178  12:53  Roach x3  
  178  12:56  Roach x5  
  182  13:04  Zergling x4  
  182  13:05  Zergling x40  
  188  13:17  Roach x6  
  188  13:18  Pneumatized Carapace  
  190  13:43  Roach x4  
  184  13:57  Roach x7  
  181  14:10  Hydralisk Den  
  180  14:21  Roach x12  
Show
View Real Time Build Order
Export as new Build Order

Julian Zerg 

Build Orders: Hatch First, Lurkers 

Get SALT Encoding   

  12  0:02  Drone  
  13  0:15  Overlord  
  13  0:18  Drone  
  14  0:26  Extractor, Drone  
  15  0:34  Drone  
  16  0:49  Hatchery  
  15  0:52  Drone  
  15  0:55  Drone  
  17  1:09  Extractor  
  17  1:11  Spawning Pool  
  15  1:15  Drone  
  15  1:18  Drone  
  17  1:26  Drone  
  18  1:41  Drone  
  18  1:43  Overlord  
  19  1:58  Queen  
  21  2:03  Queen  
  21  2:06  Zergling x4  
  25  2:09  Drone  
  25  2:10  Metabolic Boost  
  25  2:13  Drone  
  27  2:18  Drone  
  28  2:33  Drone x2  
  28  2:36  Drone x2  
  32  2:48  Drone x2  
  32  2:51  Lair  
  34  2:54  Drone  
  35  2:59  Roach Warren  
  34  3:06  Evolution Chamber, Drone x2  
  35  3:20  Overlord  
  35  3:21  Extractor  
  35  3:22  Extractor, Drone x3  
  36  3:32  Zerg Missile Weapons Level 1  
  36  3:38  Queen  
  36  3:40  Drone x3  
  36  3:41  Drone  
  42  3:44  Overlord  
  42  3:52  Glial Reconstitution  
  42  3:55  Overlord x2  
  42  4:04  Roach  
  42  4:05  Roach x2  
  42  4:09  Drone  
  50  4:10  Drone  
  50  4:21  Drone  
  50  4:22  Drone  
  52  4:29  Hatchery  
  51  4:31  Roach x2  
  51  4:32  Roach  
  57  4:42  Roach  
  59  4:50  Drone x4  
  59  4:51  Overlord x2  
  61  5:05  Roach  
  61  5:06  Roach x2  
  67  5:08  Overlord x2  
  67  5:18  Roach x2  
  71  5:23  Roach  
  73  5:29  Roach  
  75  5:37  Roach x2  
  75  5:42  Zerg Missile Weapons Level 2  
  79  5:44  Roach x4  
  79  5:48  Roach x2  
  91  5:52  Roach x3  
  91  5:53  Roach  
  99  5:57  Roach  
  99  6:12  Ravager  
  99  6:13  Ravager  
  92  6:22  Roach  
  92  6:23  Roach x9  
  105  6:28  Drone x3  
  106  6:33  Evolution Chamber, Extractor  
  106  6:34  Roach  
  102  6:50  Ravager x4  
  106  6:54  Overlord x2  
  106  6:55  Overlord  
  106  6:57  Extractor x2  
  104  7:07  Ravager x2  
  106  7:10  Hatchery  
  106  7:11  Overlord x3  
  106  7:14  Drone x3  
  108  7:16  Drone x2  
  108  7:17  Drone  
  109  7:38  Roach  
  109  7:39  Roach x7  
  125  7:54  Drone x2  
  125  7:55  Overlord x2  
  127  8:03  Drone  
  127  8:04  Drone x2  
  130  8:12  Zerg Ground Armor Level 1  
  130  8:31  Roach x4  
  130  8:32  Roach x5  
  148  8:35  Ravager x4  
  152  8:42  Drone  
  152  8:43  Drone x3  
  156  8:52  Roach x4  
  129  9:12  Roach x6  
  129  9:13  Roach  
  111  9:22  Roach  
  111  9:23  Roach x4  
  119  9:30  Drone x4  
  123  9:38  Hydralisk Den  
  122  9:39  Drone x4  
  126  9:47  Ravager  
  126  9:48  Ravager x3  
  126  9:50  Drone x4  
  126  9:51  Drone  
  135  9:54  Overlord  
  135  10:01  Overseer  
  135  10:03  Overseer  
  135  10:07  Ravager  
  135  10:08  Ravager  
  135  10:09  Roach x3  
  135  10:12  Overlord x5  
  143  10:16  Grooved Spines  
  143  10:26  Lurker Den  
  141  10:47  Roach  
  141  10:48  Roach x14  
  162  11:22  Hatchery  
  161  11:27  Muscular Augments  
  161  11:28  Zerg Ground Armor Level 2, Hatchery  
  161  11:32  Hydralisk  
  160  11:33  Hydralisk x4  
  159  11:48  Overlord x2  
  152  12:12  Lurker x2  
  152  12:13  Lurker  
  155  12:19  Overseer  
  152  12:32  Hydralisk x2  
  152  12:33  Hydralisk  
  102  13:09  Lurker x2  
  102  13:10  Lurker  
  105  13:17  Hydralisk  
  105  13:18  Hydralisk  
  105  13:19  Roach  
  108  13:25  Drone x2  
  110  13:33  Extractor  
  109  13:35  Hatchery  
  108  13:41  Hatchery  
  97  14:10  Lurker x3  
  97  14:14  Hydralisk x3  
  97  14:16  Roach  
  110  14:17  Roach  
Tags
 
Add a new tag
Caveats
  • Supply blocks, unpowered buildings, or Contaminate may cause inaccurate times.
  • Supply counts are checked every 10 seconds.